 Seeded DCSS version 0.30-a0-881-g1ff12e1e11 (webtiles) character file.

Game seed: 11890654334920807458 (custom seed)

1318 bmack86 the Chopper (level 8, -1/70 HPs)
             Began as a Minotaur Fighter on Mar 15, 2023.
             Was a Believer of Okawaru.
             Slain by a water moccasin (5 damage)
             ... on level 6 of the Dungeon.
             The game lasted 00:11:40 (4067 turns).

bmack86 the Chopper (Minotaur Fighter)              Turns: 4067, Time: 00:11:41

Health: -1/70      AC:  7    Str: 24    XL:     8   Next: 33%
Magic:  8/8        EV:  9    Int:  5    God:    Okawaru [**....]
Gold:   311        SH:  6    Dex:  9    Spells: 7/7 levels left

rFire   . . .      SeeInvis .    a - +0 war axe
rCold   . . .      Faith    .    c - +1 buckler
rNeg    . . .      Spirit   .    b - +0 scale mail
rPois   .          Reflect  .    (helmet restricted)
rElec   .          Rampage  .    (no cloak)
rCorr   .                        (no gloves)
Will    .....                    (no boots)
Stlth   x                          - amulet of regeneration
HPRegen 1.11/turn                (no ring)
MPRegen 0.11/turn                (no ring)

@: lethally poisoned (-1 -> -5)
A: horns 2, retaliatory headbutt
a: Renounce Religion, Heroism


You were on level 6 of the Dungeon.
You worshipped Okawaru.
Okawaru was pleased with you.
You visited 1 branch of the dungeon, and saw 6 of its levels.

You collected 311 gold pieces.

Inventory:

Hand Weapons
 a - a +0 war axe (weapon)
Missiles
 f - 15 poisoned darts
 m - 4 boomerangs (quivered)
Armour
 b - a +0 scale mail (worn)
 c - a +1 buckler (worn)
Jewellery
 x - an amulet of regeneration (around neck)
 y - an amulet of the acrobat
Wands
 p - a wand of iceblast (9)
Scrolls
 g - a scroll of amnesia
 h - a scroll of acquirement {unknown}
 j - a scroll of immolation
 k - 3 scrolls of teleportation
 l - a scroll of enchant armour
 o - a scroll of butterflies {unknown}
 q - a scroll of brand weapon {unknown}
 r - a scroll of torment {unknown}
 v - a scroll of fog {unknown}
 w - a scroll of magic mapping {unknown}
Potions
 d - a potion of might
 e - 2 potions of cancellation
 i - 2 potions of curing
 n - 3 potions of brilliance
 s - a potion of magic
 t - a potion of attraction
 u - 2 potions of mutation


   Skills:
 + Level 6.0 Fighting
 * Level 7.2 Axes
 + Level 3.6 Throwing
 + Level 5.9 Armour
 + Level 6.0 Shields
 + Level 2.4 Invocations


You had 7 spell levels left.
You didn't know any spells.
Your spell library contained the following spells:

 Spells                   Type           Power      Damage    Failure   Level
 Magic Dart               Conj           0%         1d3       83%         1
 Cigotuvi's Dreadful Rot  Necr/Pois/Air  0%         N/A       93%         2
 Poisonous Vapours        Pois/Air       0%         N/A       93%         2
 Mephitic Cloud           Conj/Pois/Air  0%         N/A       99%         3
 Call Imp                 Summ           Unusable   N/A       N/A         2

Dungeon Overview and Level Annotations

Branches:
Dungeon (6/15)
 Temple: D:4-7

Altars:
Ashenzari
Kikubaaqudgha
Okawaru
Sif Muna
The Shining One

Annotations:
D:3 3 runed translucent doors, AverageBear's ghost, amateur OpFi
D:4 3 runed translucent doors, oldplebian's ghost, novice GnCA


Innate Abilities, Weirdness & Mutations

You have a pair of horns on your head.
You reflexively headbutt those who attack you in melee.


Message History

You hit the water moccasin.
Your headbutt misses the water moccasin.
The water moccasin is heavily wounded.
You block the water moccasin's attack.
The ogre evades a web.
The water moccasin bites you but does no damage.
The gnoll hits you from afar with a +0 spear.
You miss the water moccasin.
The water moccasin is heavily wounded.
The water moccasin bites you!
You are poisoned.
The water moccasin poisons you! You block the gnoll's attack.
The ice beast is caught in a web!
You block the ogre's attack. The water moccasin bites you.
You are more poisoned.
The water moccasin poisons you!
You pick your way through the web.
You feel extremely sick. The water moccasin closely misses you.
You furiously retaliate!
You headbutt the water moccasin!
The ice beast struggles to get unstuck from the web.
There is a web here.
You feel extremely sick.
The water moccasin evades a web.
You see here a scorpion corpse.
Unknown command.
You hit the water moccasin but do no damage.
The water moccasin is severely wounded.
You feel very sick.
The water moccasin bites you but does no damage.
The water moccasin bites you.
* * * LOW HITPOINT WARNING * * *
The gnoll hits you but does no damage.
You closely miss the water moccasin.
Your headbutt misses the water moccasin.
The water moccasin is severely wounded.
You feel very sick. The water moccasin bites you.
* * * LOW HITPOINT WARNING * * *
The gnoll barely misses you. The water moccasin bites you.
You die...

............####..#
.............# ..
............## .
..........### #
..........z### .# ##
........†.#Y.# ^#.P
.....#....##.# #..
...###.....#o####.#
.....#.##..##.##@†#
........#..##z^#S## .
.........###^gO.#
.......#...##.Y.#
.....###...##^....).#
..... #.#..##....###
...... ###...#).^...
.......###..###^....P#
............# #.....P#


You could see a water moccasin, an ice beast, an ogre and a gnoll.

Vanquished Creatures
  2 water moccasins (D:5)
  A black bear (D:6)
  A centaur (D:5)
  Blork the orc (D:6)
  6 scorpions (D:6)
  A crimson imp (D:5)
  A jelly (D:6)
  A gnoll bouda (D:6)
  3 iguanas
  3 orc wizards
  2 sleepcaps
  A gnoll (D:6)
  14 adders
  5 dart slugs
  7 orcs
  11 bats
  4 endoplasms
  6 goblins
  4 hobgoblins
  4 jackals (D:5)
  6 kobolds
  5 quokkas
  2 ball pythons
  A frilled lizard (D:1)
  2 goblin zombies (D:5)
  2 hobgoblin zombies (D:5)
  4 kobold skeletons (D:5)
  3 kobold zombies (D:5)
  5 rats
108 creatures vanquished.

Vanquished Creatures (others)
  11 fungi (D:6)
11 creatures vanquished.

Grand Total: 119 creatures vanquished

Notes
Turn   | Place    | Note
-------+----------+-------------------------------------------
     0 | D:1      | bmack86 the Minotaur Fighter began the quest for the Orb.
     0 | D:1      | Reached XP level 1. HP: 19/19 MP: 0/0
   183 | D:1      | Reached XP level 2. HP: 23/27 MP: 1/1
   312 | D:1      | Reached skill level 3 in Axes
   737 | D:2      | Reached XP level 3. HP: 33/33 MP: 2/2
   829 | D:2      | Found a faded altar of an unknown god.
   945 | D:2      | Reached skill level 1 in Throwing
  1020 | D:2      | You fall into a shaft and drop 1 floor!
  1377 | D:3      | Reached XP level 4. HP: 40/40 MP: 3/3
  1600 | D:3      | Reached skill level 4 in Axes
  1770 | D:3      | Found a runed translucent gate.
  1770 | D:3      | Found a runed translucent gate.
  1770 | D:3      | Found a runed translucent gate.
  1775 | D:3      | Identified the +2 short sword "Undertaker" {pain, Fly
                  | Int+4}
  1775 | D:3      | Identified the +1 scale mail of Nipirgh {rC- rN++ Dex+5}
  1778 | D:3      | Noticed AverageBear's ghost (amateur OpFi)
  2029 | D:4      | Reached XP level 5. HP: 33/47 MP: 4/4
  2219 | D:4      | Found a shimmering blue altar of Sif Muna.
  2386 | D:4      | Found a broken altar of Ashenzari.
  2453 | D:4      | Found an ancient bone altar of Kikubaaqudgha.
  2511 | D:4      | Found a runed translucent gate.
  2512 | D:4      | Found a runed translucent gate.
  2512 | D:4      | Noticed oldplebian's ghost (novice GnCA)
  2513 | D:4      | Found a runed translucent gate.
  2791 | D:5      | Entered Level 5 of the Dungeon
  2825 | D:5      | Noticed a water moccasin
  2839 | D:5      | Killed a water moccasin
  2840 | D:5      | Reached skill level 5 in Axes
  2840 | D:5      | Reached XP level 6. HP: 16/55 MP: 5/5
  2991 | D:5      | Found a glowing golden altar of the Shining One.
  3343 | D:5      | Reached skill level 5 in Fighting
  3343 | D:5      | Reached skill level 5 in Shields
  3383 | D:5      | Found an iron altar of Okawaru.
  3388 | D:5      | Noticed a water moccasin
  3391 | D:5      | Became a worshipper of Warmaster Okawaru
  3402 | D:5      | Killed a water moccasin
  3403 | D:5      | Reached skill level 5 in Armour
  3403 | D:5      | Reached XP level 7. HP: 8/61 MP: 6/6
  3838 | D:6      | Reached skill level 1 in Invocations
  3840 | D:6      | Reached skill level 6 in Axes
  3872 | D:6      | Reached * piety under Okawaru
  3984 | D:6      | Reached XP level 8. HP: 57/70 MP: 8/8
  4026 | D:6      | Reached ** piety under Okawaru
  4027 | D:6      | Reached skill level 7 in Axes
  4032 | D:6      | Noticed Blork the orc
  4040 | D:6      | Killed Blork the orc
  4067 | D:6      | Slain by a water moccasin

Illustrated notes

Levels and vault maps discovered:
D:1:      dpeg_arrival_pits, layout_basic, nrook_campfire
D:2:      layout_loops_ring, dreamdust_ecumenical_altar_grove
D:3:      layout_loops_ring, biasface_ghost_orc_armoury, nicolae_half_adder
D:4:      layout_basic, kennysheep_mini_moat, kennysheep_little_box,
          overflow_temple_1_default, gammafunk_ghost_nasty_kobolds
D:5:      layout_loops_ring, mainiacjoe_overflow_small_starburst,
          nicolae_tso_besieged_by_evil, chequers_serial_rivers_large_b
D:6:      old_forge, layout_cave_pools, minmay_temple_entry_waves, serial_shops,
          nicolae_shop_waterfront, nicolae_shop_bloodbath_and_beyond,
          nicolae_inconvenience_store, serial_gnoll_camp, gnoll_camp_mini_house,
          gnoll_camp_mini_hut, gnoll_camp_medium_01, gnoll_camp_mini_hut,
          uniq_blork_the_orc

Skill      XL: |  1  2  3  4  5  6  7  8 |
---------------+-------------------------+-----
Axes           | 3 4 5 6 7 |  7.2
Fighting       | 4 5 6 |  6.0
Shields        | 4 5 6 |  6.0
Throwing       | 1 2 3 |  3.6
Armour         | 4 5 |  5.9
Invocations    | 1 2 |  2.4

Action                     |  1- 3 |  4- 6 |  7- 9 || total
---------------------------+-------+-------+-------++-------
  Melee: War axe           |    67 |   126 |   101 ||   294
         Headbutt          |     3 |    15 |    16 ||    34
  Throw: Boomerang         |     9 |       |     3 ||    12
    Use: Scroll            |     2 |     3 |     6 ||    11
         Potion            |       |     2 |       ||     2
   Stab: Held in net/web   |       |       |     1 ||     1
 Armour: Scale mail        |    62 |    57 |    70 ||   189
  Dodge: Dodged            |    40 |    54 |    66 ||   160
  Block: Buckler           |    23 |    28 |    49 ||   100

Table legend: (Time is in decaauts)
 A = Elapsed time spent in this place.
 B = Non-inter-level travel time spent in this place.
 C = Inter-level travel time spent in this place.
 D = Time resting spent in this place.
 E = Time spent auto-exploring this place.
 F = Levels seen in this place.
 G = Mean time per level.
                   A        B        C        D        E       F      G
               +--------+--------+--------+--------+--------+-----+--------+
         Total |   4181 |   4013 |    168 |     64 |   2693 |   6 |  696.8 |
       Dungeon |   4181 |   4013 |    168 |     64 |   2693 |   6 |  696.8 |
               +--------+--------+--------+--------+--------+-----+--------+

Top non-repeatable levels by time:
     D:5: 1073 daAuts
     D:4: 778 daAuts
     D:3: 737 daAuts
     D:1: 695 daAuts
     D:2: 624 daAuts
     D:6: 271 daAuts
